%YAML 1.1
%TAG !u! tag:unity3d.com,2011:
--- !u!1 &1944566886628036435
GameObject:
  m_ObjectHideFlags: 0
  m_CorrespondingSourceObject: {fileID: 0}
  m_PrefabInstance: {fileID: 0}
  m_PrefabAsset: {fileID: 0}
  serializedVersion: 6
  m_Component:
  - component: {fileID: 138471516900999659}
  - component: {fileID: 1228251130799686528}
  m_Layer: 0
  m_Name: ARScene/PaintingScene/RiddleTextMaterial
  m_TagString: Untagged
  m_Icon: {fileID: 0}
  m_NavMeshLayer: 0
  m_StaticEditorFlags: 0
  m_IsActive: 1
--- !u!4 &138471516900999659
Transform:
  m_ObjectHideFlags: 0
  m_CorrespondingSourceObject: {fileID: 0}
  m_PrefabInstance: {fileID: 0}
  m_PrefabAsset: {fileID: 0}
  m_GameObject: {fileID: 1944566886628036435}
  m_LocalRotation: {x: 0, y: 0, z: 0, w: 1}
  m_LocalPosition: {x: 0, y: 0, z: 0}
  m_LocalScale: {x: 1, y: 1, z: 1}
  m_Children: []
  m_Father: {fileID: 6030006258193592033}
  m_RootOrder: 2
  m_LocalEulerAnglesHint: {x: 0, y: 0, z: 0}
--- !u!114 &1228251130799686528
MonoBehaviour:
  m_ObjectHideFlags: 0
  m_CorrespondingSourceObject: {fileID: 0}
  m_PrefabInstance: {fileID: 0}
  m_PrefabAsset: {fileID: 0}
  m_GameObject: {fileID: 1944566886628036435}
  m_Enabled: 1
  m_EditorHideFlags: 0
  m_Script: {fileID: 11500000, guid: eb15fa0e7301ff849bf4d6dcede7c12b, type: 3}
  m_Name: 
  m_EditorClassIdentifier: 
  data: 1
  entries:
  - Language: English
    Text: 
    Object: {fileID: 2100000, guid: 11488ece29e33974e8f574698372c7a7, type: 2}
  - Language: Italian
    Text: 
    Object: {fileID: 2100000, guid: d0333cae30a2cee4bb87efdd3cbbb680, type: 2}
--- !u!1 &6030006257144170377
GameObject:
  m_ObjectHideFlags: 0
  m_CorrespondingSourceObject: {fileID: 0}
  m_PrefabInstance: {fileID: 0}
  m_PrefabAsset: {fileID: 0}
  serializedVersion: 6
  m_Component:
  - component: {fileID: 6030006257144170383}
  - component: {fileID: 7643620827381789750}
  - component: {fileID: 6030006257144170382}
  m_Layer: 0
  m_Name: ItalianLocalizationCSV
  m_TagString: Untagged
  m_Icon: {fileID: 0}
  m_NavMeshLayer: 0
  m_StaticEditorFlags: 0
  m_IsActive: 1
--- !u!4 &6030006257144170383
Transform:
  m_ObjectHideFlags: 0
  m_CorrespondingSourceObject: {fileID: 0}
  m_PrefabInstance: {fileID: 0}
  m_PrefabAsset: {fileID: 0}
  m_GameObject: {fileID: 6030006257144170377}
  m_LocalRotation: {x: -0, y: -0, z: -0, w: 1}
  m_LocalPosition: {x: 0, y: 0, z: 0}
  m_LocalScale: {x: 1, y: 1, z: 1}
  m_Children: []
  m_Father: {fileID: 6030006258193592033}
  m_RootOrder: 1
  m_LocalEulerAnglesHint: {x: 0, y: 0, z: 0}
--- !u!114 &7643620827381789750
MonoBehaviour:
  m_ObjectHideFlags: 0
  m_CorrespondingSourceObject: {fileID: 0}
  m_PrefabInstance: {fileID: 0}
  m_PrefabAsset: {fileID: 0}
  m_GameObject: {fileID: 6030006257144170377}
  m_Enabled: 1
  m_EditorHideFlags: 0
  m_Script: {fileID: 11500000, guid: 50cf2546973275f4caa0511552ee3aef, type: 3}
  m_Name: 
  m_EditorClassIdentifier: 
  TableId: 1xwgOw_L2UN8kmxXyG_27TJ39Ha813SOXhW57ci32REQ
  Sheets:
  - Name: Localization - Italian
    Id: 99560799
  SaveFolder: {fileID: 102900000, guid: 83edf5d49ef425742b43d4e8e048526e, type: 3}
--- !u!114 &6030006257144170382
MonoBehaviour:
  m_ObjectHideFlags: 0
  m_CorrespondingSourceObject: {fileID: 0}
  m_PrefabInstance: {fileID: 0}
  m_PrefabAsset: {fileID: 0}
  m_GameObject: {fileID: 6030006257144170377}
  m_Enabled: 1
  m_EditorHideFlags: 0
  m_Script: {fileID: 11500000, guid: 086ae75064fca9f46b315403da7f5d20, type: 3}
  m_Name: 
  m_EditorClassIdentifier: 
  Source: {fileID: 4900000, guid: c72c4bff362b23641889717b3c7ce42f, type: 3}
  Language: Italian
  Separator: ','
  NewLine: \n
  Comment: ' // '
  Cache: 0
  entries:
  - Name: MainMenu/Login
    Text: Login
  - Name: MainMenu/PlayerName
    Text: Nome
  - Name: MainMenu/ConnectionStatus
    Text: 'Stato della connessione:'
  - Name: MainMenu/CreateRoom
    Text: Crea Stanza
  - Name: MainMenu/ShowRoomList
    Text: Lista delle Stanze
  - Name: MainMenu/RoomName
    Text: 'Nome della Stanza:'
  - Name: MainMenu/Password
    Text: 'Password:'
  - Name: MainMenu/EnterRoomName
    Text: Inserisci il nome della stanza
  - Name: MainMenu/EnterPassword
    Text: Inserisci Password
  - Name: MainMenu/Cancel
    Text: Annulla
  - Name: MainMenu/Back
    Text: Indietro
  - Name: MainMenu/JoinRoom
    Text: Unisciti
  - Name: MainMenu/Join
    Text: Unisciti
  - Name: MainMenu/JoinedFailedNoLobby
    Text: Non sei in una lobby.
  - Name: MainMenu/JoinedFailedNoRoom
    Text: Non esiste una stanza con quel nome.
  - Name: MainMenu/JoinedFailedWrongPassword
    Text: Password sbagliata.
  - Name: LoadingScreen/Loading
    Text: Caricamento...
  - Name: ARScene/RoomInfo
    Text: Info sulla stanza
  - Name: ARScene/Settings
    Text: Opzioni
  - Name: ARScene/SceneSelection
    Text: Seleziona Scena
  - Name: ARScene/LeaveRoom
    Text: Esci dalla stanza
  - Name: ARScene/Back
    Text: Indietro
  - Name: ARScene/Settings_ShowAdvancedSettings
    Text: Mostra opzioni avanzate durante il gioco
  - Name: ARScene/Settings_SimpleGameModeActive
    Text: "Modalit\xE0 di gioco semplificata attiva"
  - Name: ARScene/EnterRoom
    Text: Entra
  - Name: ARScene/TrainingScenes
    Text: Scene di allenamento
  - Name: ARScene/TrainingSceneIntro
    Text: Allenamento introduttivo
  - Name: ARScene/TrainingSceneGaze
    Text: Allenamento sguardo
  - Name: ARScene/TrainingSceneManip
    Text: Allenamento manipolazione
  - Name: ARScene/TrainingScenePos
    Text: Allenamento posizione
  - Name: ARScene/GameDemoScenes
    Text: Scene demo del gioco
  - Name: ARScene/Tasks
    Text: Task
  - Name: ARScene/Scene_Visualization_Base
    Text: Visualizzazione Base
  - Name: ARScene/Scene_Visualization_Complete
    Text: Visualizzazione Completa
  - Name: ARScene/Scene_Tutorial
    Text: Tutorial
  - Name: ARScene/Scene_Pedestal
    Text: Piedistallo
  - Name: ARScene/Scene_Painting
    Text: Dipinto
  - Name: ARScene/Scene_Translation
    Text: Traduzione
  - Name: ARScene/Task_InteractionType
    Text: Tipo di Interazione
  - Name: ARScene/Task_InteractionType_Gaze
    Text: Sguardo
  - Name: ARScene/Task_InteractionType_Manipulation
    Text: Manipolazione
  - Name: ARScene/Task_InteractionType_Position
    Text: Posizione
  - Name: ARScene/Task_Location
    Text: Posizione
  - Name: ARScene/Task_Location_Local
    Text: Locale
  - Name: ARScene/Task_Location_Remote
    Text: Remota
  - Name: ARScene/Task_VisualizationSequence
    Text: Sequenza di Visualizzazione
  - Name: ARScene/Task_VisualizationSequence_1
    Text: 1 - Minimale Base Completa
  - Name: ARScene/Task_VisualizationSequence_2
    Text: 2 - Minimale Completa Base
  - Name: ARScene/Task_VisualizationSequence_3
    Text: 3 - Base Minimale Completa
  - Name: ARScene/Task_VisualizationSequence_4
    Text: 4 - Base Completa Minimale
  - Name: ARScene/Task_VisualizationSequence_5
    Text: 5 - Completa Minimale Base
  - Name: ARScene/Task_VisualizationSequence_6
    Text: 6 - Completa Base Minimale
  - Name: ARScene/Task_VisualizationSequence_7
    Text: 7 - Base Completa
  - Name: ARScene/Task_VisualizationSequence_8
    Text: 8 - Completa Base
  - Name: ARScene/Task_TaskInSequence
    Text: Numero del task
  - Name: ARScene/StartTask
    Text: Inizia
  - Name: ARScene/StartTaskError
    Text: Valori non inizializzati
  - Name: ARScene/PlayerStateSynchronizing
    Text: Sincr. in corso
  - Name: ARScene/PlayerStateSynchronized
    Text: Sincronizzato
  - Name: ARScene/PlayerStateInGame
    Text: In gioco
  - Name: ARScene/Instructions_DetectSurface
    Text: "Punta con la camera il marker e rileva la superficie su cui \xE8 appoggiato
      facendo leggeri movimenti circolari con il telefono"
  - Name: ARScene/Instructions_DetectMarker
    Text: Punta con la camera il marker
  - Name: ARScene/Confirm
    Text: Conferma
  - Name: ARScene/Unequip
    Text: Spegni
  - Name: ARScene/Freeze
    Text: Blocca sul posto
  - Name: ARScene/Unfreeze
    Text: Sblocca
  - Name: ARScene/NextTask
    Text: Prossimo
  - Name: ARScene/NextScene
    Text: Prossimo Scenario
  - Name: ARScene/Ready
    Text: Pronti
  - Name: ARScene/ReadyButton
    Text: Pronto
  - Name: ARScene/Continue
    Text: Continua
  - Name: ARScene/WaitForMaster
    Text: Attendi l'inizializzazione della stanza...
  - Name: ARScene/TaskCompleted
    Text: Task completato
  - Name: ARScene/SceneCompleted
    Text: Scena di gioco completata
  - Name: ARScene/TrainingScene/IntroName
    Text: Allenamento introduttivo
  - Name: ARScene/TrainingScene/GazeName
    Text: Allenamento sguardo
  - Name: ARScene/TrainingScene/ManipName
    Text: Allenamento manipolazione
  - Name: ARScene/TrainingScene/PosName
    Text: Allenamento posizione
  - Name: ARScene/TrainingScene/Instructions_Start
    Text: 
  - Name: ARScene/TrainingScene/Instructions_PlayerColor
    Text: "Il colore che rappresenta il tuo utente \xE8 <b><color=playerColor>questo</color></b>.
      Puoi riconoscere il tuo colore tramite il bordo dello schermo, l'icona in alto
      a sinistra oppure il tuo cursore."
  - Name: ARScene/TrainingScene/Instructions_GazeConvergence
    Text: "La traiettoria del tuo sguardo pu\xF2 essere utilizzata come strumento
      di interazione. Posiziona il tuo cursore per qualche secondo sopra a uno dei
      cubi grigi per fargli cambiare colore."
  - Name: ARScene/TrainingScene/Instructions_PositionPlatform
    Text: "Uno dei metodi di interazione \xE8 la posizione degli utenti. Se posizioni
      il tuo device sopra a una delle <b><color=\"blue\">piattaforme blu</color></b>,
      si attiver\xE0 un cilindro trasparente sopra di essa."
  - Name: ARScene/TrainingScene/Instructions_InteractiveObjects
    Text: Posando il cursore su oggetti interagibili, essi vengono evidenziati. Premi
      su un pulsante interagibile rosso facendoci tap sopra.
  - Name: ARScene/TrainingScene/Instructions_DynamicObjectGrab
    Text: Posando il cursore su oggetti interagibili, essi vengono evidenziati. Fai
      tap su uno di essi per prenderlo in mano.
  - Name: ARScene/TrainingScene/Instructions_DynamicObjectManip
    Text: Puoi ruotare e traslare l'oggetto che hai in mano tramite swipe e pinch.
      Puoi anche interagire con alcune parti dell'oggetto; per esempio fare swipe
      sulla <b><color="red">rotella rossa</color></b> cambia il numero presente su
      di esso. Premi il tasto "Blocca sul posto" per bloccare la sua posizione.
  - Name: ARScene/TrainingScene/Instructions_DynamicObjectUnfreeze
    Text: '"Sblocca" permette di riportare l''oggetto di fronte a te.'
  - Name: ARScene/TrainingScene/Instructions_DynamicObjectPlace
    Text: Posa l'oggetto avvicinandolo a una superficie; quando appare un cerchio
      sulla superficie puoi posare l'oggetto facendo tap in un punto all'esterno dell'oggetto.
  - Name: ARScene/TrainingScene/Instructions_DynamicObjectEmbed
    Text: Riprendi ora in mano l'oggetto e incastralo nel foro corrispondente. Assicurati
      di posizionarlo con la giusta angolazione e con il numero corretto stampato
      sopra. Puoi cambiare il numero stampato ruotando la <b><color="red">rotella
      rossa</color></b>.
  - Name: ARScene/TrainingScene/Instructions_PlayerFocalPoint
    Text: Fai doppio tap su un oggetto o su una superficie per creare un punto focale
      temporaneo che vedranno tutti all'interno della tua stanza per alcuni secondi.
  - Name: ARScene/TutorialScene/Name
    Text: Scena di gioco - Tutorial
  - Name: ARScene/TutorialScene/Instructions_Start
    Text: 
  - Name: ARScene/PedestalScene/Name
    Text: Scena di gioco - Piedistallo
  - Name: ARScene/PedestalScene/Instructions_Start
    Text: 
  - Name: ARScene/PaintingScene/Name
    Text: Scena di gioco - Dipinto
  - Name: ARScene/PaintingScene/Instructions_Start
    Text: 
  - Name: ARScene/TranslationScene/Name
    Text: Scena di gioco - Traduzione
  - Name: ARScene/TranslationScene/Instructions_Start
    Text: 
  - Name: ARScene/TaskGazeSameSys/Name
    Text: Sguardo - Task 1
  - Name: ARScene/TaskGazeSameSys/Instructions_Start
    Text: Osserva insieme agli altri utenti il <b><color="red">cubo evidenziato</color></b>,
      posando il tuo cursore su di esso.
  - Name: ARScene/TaskGazeDiffSys/Name
    Text: Sguardo - Task 2
  - Name: ARScene/TaskGazeDiffSys/Instructions_Start
    Text: Osserva il cubo evidenziato con il <b><color=playerColor>tuo colore</color></b>,
      posando il cursore su di esso, mentre gli altri utenti fanno lo stesso.
  - Name: ARScene/TaskGazeDiffUsr/Name
    Text: Sguardo - Task 3
  - Name: ARScene/TaskGazeDiffUsr/Instructions_Start_Master
    Text: Fai in modo gli altri due utenti osservino contemporaneamente i cubi che
      vedi evidenziati del loro colore. Loro non sanno quale cubo devono osservare.
  - Name: ARScene/TaskGazeDiffUsr/Instructions_Start_Slave
    Text: Seguendo le indicazioni dell'utente rappresentato da <b><color=masterColor>questo
      colore</color></b>, osserva il cubo che ti viene indicato.
  - Name: ARScene/TaskManipDiffSys/Name
    Text: Manipolazione - Task 1
  - Name: ARScene/TaskManipDiffSys/Instructions_Start
    Text: Prendi in mano l'oggetto del <b><color=playerColor>tuo colore</color></b>
      e incastralo nel foro corrispondente. Assicurati di posizionarlo con la giusta
      angolazione e con il numero corretto stampato sopra. Puoi cambiare il numero
      stampato ruotando la <b><color="red">rotella rossa</color></b>.
  - Name: ARScene/TaskManipDiffUsr/Name
    Text: Manipolazione - Task 2
  - Name: ARScene/TaskManipDiffUsr/Instructions_Start_Master
    Text: Fai in modo che gli altri due utenti incastrino correttamente gli oggetti
      del loro colore nei corrispondenti fori che vedi. Loro vedono la griglia ma
      non i fori, quindi devi comunicargli correttamente la posizione e la rotazione
      dei loro oggetti e il numero che deve apparire su di essi.
  - Name: ARScene/TaskManipDiffUsr/Instructions_Start_Slave
    Text: Prendi in mano l'oggetto del <b><color=playerColor>tuo colore</color></b>
      e posalo seguendo le istruzioni dell'utente rappresentato da <b><color=masterColor>questo
      colore</color></b>. Assicurati di selezionare il numero corretto sull'oggetto.
      Puoi cambiare il numero stampato ruotando la <b><color="red">rotella rossa</color></b>.
  - Name: ARScene/TaskPosSameSys/Name
    Text: Posizione - Task 1
  - Name: ARScene/TaskPosSameSys/Instructions_Start
    Text: "Dirigiti sulla <b><color=\"red\">piattaforma evidenziata</color></b> insieme
      agli altri utenti. Ricorda che \xE8 la posizione del device che conta."
  - Name: ARScene/TaskPosDiffSys/Name
    Text: Posizione - Task 2
  - Name: ARScene/TaskPosDiffSys/Instructions_Start
    Text: "Dirigiti sulla piattaforma evidenziata con il <b><color=playerColor>tuo
      colore</color></b>, mentre gli altri utenti fanno lo stesso. Ricorda che \xE8
      la posizione del device che conta."
  - Name: ARScene/TaskPosDiffUsr/Name
    Text: Posizione - Task 3
  - Name: ARScene/TaskPosDiffUsr/Instructions_Start_Master
    Text: Fai in modo che gli altri due utenti si posizionino sulle piattaforme che
      vedi evidenziate del loro rispettivo colore. Loro non sanno su quale piattaforma
      devono stare.
  - Name: ARScene/TaskPosDiffUsr/Instructions_Start_Slave
    Text: Seguendo le istruzioni dell'utente rappresentato da <b><color=masterColor>questo
      colore</color></b>, posizionati sulla piattaforma che ti viene indicata.
--- !u!1 &6030006258052635101
GameObject:
  m_ObjectHideFlags: 0
  m_CorrespondingSourceObject: {fileID: 0}
  m_PrefabInstance: {fileID: 0}
  m_PrefabAsset: {fileID: 0}
  serializedVersion: 6
  m_Component:
  - component: {fileID: 6030006258052635090}
  - component: {fileID: 4949875374118258685}
  - component: {fileID: 6030006258052635091}
  m_Layer: 0
  m_Name: EnglishLocalizationCSV
  m_TagString: Untagged
  m_Icon: {fileID: 0}
  m_NavMeshLayer: 0
  m_StaticEditorFlags: 0
  m_IsActive: 1
--- !u!4 &6030006258052635090
Transform:
  m_ObjectHideFlags: 0
  m_CorrespondingSourceObject: {fileID: 0}
  m_PrefabInstance: {fileID: 0}
  m_PrefabAsset: {fileID: 0}
  m_GameObject: {fileID: 6030006258052635101}
  m_LocalRotation: {x: -0, y: -0, z: -0, w: 1}
  m_LocalPosition: {x: 0, y: 0, z: 0}
  m_LocalScale: {x: 1, y: 1, z: 1}
  m_Children: []
  m_Father: {fileID: 6030006258193592033}
  m_RootOrder: 0
  m_LocalEulerAnglesHint: {x: 0, y: 0, z: 0}
--- !u!114 &4949875374118258685
MonoBehaviour:
  m_ObjectHideFlags: 0
  m_CorrespondingSourceObject: {fileID: 0}
  m_PrefabInstance: {fileID: 0}
  m_PrefabAsset: {fileID: 0}
  m_GameObject: {fileID: 6030006258052635101}
  m_Enabled: 1
  m_EditorHideFlags: 0
  m_Script: {fileID: 11500000, guid: 50cf2546973275f4caa0511552ee3aef, type: 3}
  m_Name: 
  m_EditorClassIdentifier: 
  TableId: 1xwgOw_L2UN8kmxXyG_27TJ39Ha813SOXhW57ci32REQ
  Sheets:
  - Name: Localization - English
    Id: 0
  SaveFolder: {fileID: 102900000, guid: 83edf5d49ef425742b43d4e8e048526e, type: 3}
--- !u!114 &6030006258052635091
MonoBehaviour:
  m_ObjectHideFlags: 0
  m_CorrespondingSourceObject: {fileID: 0}
  m_PrefabInstance: {fileID: 0}
  m_PrefabAsset: {fileID: 0}
  m_GameObject: {fileID: 6030006258052635101}
  m_Enabled: 1
  m_EditorHideFlags: 0
  m_Script: {fileID: 11500000, guid: 086ae75064fca9f46b315403da7f5d20, type: 3}
  m_Name: 
  m_EditorClassIdentifier: 
  Source: {fileID: 4900000, guid: 274aaa7f6b485674ab440c65d4562498, type: 3}
  Language: English
  Separator: ','
  NewLine: \n
  Comment: ' // '
  Cache: 0
  entries:
  - Name: MainMenu/Login
    Text: Login
  - Name: MainMenu/PlayerName
    Text: Player Name
  - Name: MainMenu/ConnectionStatus
    Text: 'Connection Status:'
  - Name: MainMenu/CreateRoom
    Text: Create Room
  - Name: MainMenu/ShowRoomList
    Text: Show Room List
  - Name: MainMenu/RoomName
    Text: 'Room Name:'
  - Name: MainMenu/Password
    Text: 'Password:'
  - Name: MainMenu/EnterRoomName
    Text: Enter Room Name
  - Name: MainMenu/EnterPassword
    Text: Enter Password
  - Name: MainMenu/Cancel
    Text: Cancel
  - Name: MainMenu/Back
    Text: Back
  - Name: MainMenu/JoinRoom
    Text: Join Room
  - Name: MainMenu/Join
    Text: Join
  - Name: MainMenu/JoinedFailedNoLobby
    Text: Not in a lobby.
  - Name: MainMenu/JoinedFailedNoRoom
    Text: No room with that name.
  - Name: MainMenu/JoinedFailedWrongPassword
    Text: Wrong Password.
  - Name: LoadingScreen/Loading
    Text: Loading...
  - Name: ARScene/RoomInfo
    Text: Room Info
  - Name: ARScene/Settings
    Text: Settings
  - Name: ARScene/SceneSelection
    Text: Scene Selection
  - Name: ARScene/LeaveRoom
    Text: Leave Room
  - Name: ARScene/Back
    Text: Back
  - Name: ARScene/Settings_ShowAdvancedSettings
    Text: Show InGame advanced settings
  - Name: ARScene/Settings_SimpleGameModeActive
    Text: Simple game mode active
  - Name: ARScene/EnterRoom
    Text: Enter Room
  - Name: ARScene/TrainingScenes
    Text: Training Scenes
  - Name: ARScene/TrainingSceneIntro
    Text: Training Introduction
  - Name: ARScene/TrainingSceneGaze
    Text: Training Gaze
  - Name: ARScene/TrainingSceneManip
    Text: Training Manipulation
  - Name: ARScene/TrainingScenePos
    Text: Training Position
  - Name: ARScene/GameDemoScenes
    Text: Game Demo Scenes
  - Name: ARScene/Tasks
    Text: Tasks
  - Name: ARScene/Scene_Visualization_Base
    Text: Base Visualization
  - Name: ARScene/Scene_Visualization_Complete
    Text: Complete Visualization
  - Name: ARScene/Scene_Tutorial
    Text: Tutorial Scene
  - Name: ARScene/Scene_Pedestal
    Text: Pedestal Scene
  - Name: ARScene/Scene_Painting
    Text: Painting Scene
  - Name: ARScene/Scene_Translation
    Text: Translation Scene
  - Name: ARScene/Task_InteractionType
    Text: Interaction Type
  - Name: ARScene/Task_InteractionType_Gaze
    Text: Gaze
  - Name: ARScene/Task_InteractionType_Manipulation
    Text: Manipulation
  - Name: ARScene/Task_InteractionType_Position
    Text: Position
  - Name: ARScene/Task_Location
    Text: Location
  - Name: ARScene/Task_Location_Local
    Text: Local
  - Name: ARScene/Task_Location_Remote
    Text: Remote
  - Name: ARScene/Task_VisualizationSequence
    Text: Visualization Sequence
  - Name: ARScene/Task_VisualizationSequence_1
    Text: 1 - Minimal Base Complete
  - Name: ARScene/Task_VisualizationSequence_2
    Text: 2 - Minimal Complete Base
  - Name: ARScene/Task_VisualizationSequence_3
    Text: 3 - Base Minimal Complete
  - Name: ARScene/Task_VisualizationSequence_4
    Text: 4 - Base Complete Minimal
  - Name: ARScene/Task_VisualizationSequence_5
    Text: 5 - Complete Minimal Base
  - Name: ARScene/Task_VisualizationSequence_6
    Text: 6 - Complete Base Minimal
  - Name: ARScene/Task_VisualizationSequence_7
    Text: 7 - Base Complete
  - Name: ARScene/Task_VisualizationSequence_8
    Text: 8 - Complete Base
  - Name: ARScene/Task_TaskInSequence
    Text: Task number
  - Name: ARScene/StartTask
    Text: Start Task
  - Name: ARScene/StartTaskError
    Text: Uninitialized Values
  - Name: ARScene/PlayerStateSynchronizing
    Text: Synchronizing
  - Name: ARScene/PlayerStateSynchronized
    Text: Synchronized
  - Name: ARScene/PlayerStateInGame
    Text: In Game
  - Name: ARScene/Instructions_DetectSurface
    Text: Point the camera at the marker and scan the surface it is attached to, slowly
      moving your phone around in circles
  - Name: ARScene/Instructions_DetectMarker
    Text: Point the camera at the marker
  - Name: ARScene/Confirm
    Text: Confirm
  - Name: ARScene/Unequip
    Text: Unequip
  - Name: ARScene/Freeze
    Text: Freeze
  - Name: ARScene/Unfreeze
    Text: Unfreeze
  - Name: ARScene/NextTask
    Text: Next
  - Name: ARScene/NextScene
    Text: Next Scenario
  - Name: ARScene/Ready
    Text: Ready
  - Name: ARScene/ReadyButton
    Text: Ready
  - Name: ARScene/Continue
    Text: Continue
  - Name: ARScene/WaitForMaster
    Text: Please wait for room initialization...
  - Name: ARScene/TaskCompleted
    Text: Task completed
  - Name: ARScene/SceneCompleted
    Text: Game scene completed
  - Name: ARScene/TrainingScene/IntroName
    Text: Training Introduction
  - Name: ARScene/TrainingScene/GazeName
    Text: Training Gaze
  - Name: ARScene/TrainingScene/ManipName
    Text: Training Manipulation
  - Name: ARScene/TrainingScene/PosName
    Text: Training Position
  - Name: ARScene/TrainingScene/Instructions_Start
    Text: 
  - Name: ARScene/TrainingScene/Instructions_PlayerColor
    Text: The color representing you user is <b><color=playerColor>this one</color></b>.
      You can recall what is your color by watching the screen border, the icon in
      the top left corner or your cursor.
  - Name: ARScene/TrainingScene/Instructions_GazeConvergence
    Text: The trajectory of your gaze can be used as an interaction tool. Place your
      cursor over one of the grey cubes for a few seconds to change its color.
  - Name: ARScene/TrainingScene/Instructions_PositionPlatform
    Text: One method of interaction is the user position. If you place your device
      over one of the <b><color="blue">blue platforms</color></b>, a transparent cylinder
      will be activated above it.
  - Name: ARScene/TrainingScene/Instructions_InteractiveObjects
    Text: Placing your cursor on interactive objects, they will be highlighted. Tap
      on a interactive red button.
  - Name: ARScene/TrainingScene/Instructions_DynamicObjectGrab
    Text: Placing your cursor on interactive objects, they will be highlighted. Pick
      up one of them by tapping on it.
  - Name: ARScene/TrainingScene/Instructions_DynamicObjectManip
    Text: Swipe and pinch the object to rotate and translate it. You can also interact
      with some parts of the object; for example you can swipe the <b><color="red">red
      wheel</color></b> to change the number on it. Push "Freeze" to lock it in place.
  - Name: ARScene/TrainingScene/Instructions_DynamicObjectUnfreeze
    Text: Push "Unfreeze" to bring the object back in front of you.
  - Name: ARScene/TrainingScene/Instructions_DynamicObjectPlace
    Text: Put down the object moving it closer to a surface; when you see a white
      circle you can tap on it to place place the object on the surface.
  - Name: ARScene/TrainingScene/Instructions_DynamicObjectEmbed
    Text: Pick up again the object and embed it in the corresponding hole. Make sure
      you place it with the right angulation and with the correct number printed on
      it. You can change the number printed on it by rotating the <b><color="red">red
      wheel</color></b>.
  - Name: ARScene/TrainingScene/Instructions_PlayerFocalPoint
    Text: Double tap on an object or a surface to create a temporary focal point visible
      for everyone in the room lasting a few seconds.
  - Name: ARScene/TutorialScene/Name
    Text: Game scene - Tutorial
  - Name: ARScene/TutorialScene/Instructions_Start
    Text: 
  - Name: ARScene/PedestalScene/Name
    Text: Game scene - Pedestal
  - Name: ARScene/PedestalScene/Instructions_Start
    Text: 
  - Name: ARScene/PaintingScene/Name
    Text: Game scene - Painting
  - Name: ARScene/PaintingScene/Instructions_Start
    Text: 
  - Name: ARScene/TranslationScene/Name
    Text: Game scene - Translation
  - Name: ARScene/TranslationScene/Instructions_Start
    Text: 
  - Name: ARScene/TaskGazeSameSys/Name
    Text: Gaze - Task 1
  - Name: ARScene/TaskGazeSameSys/Instructions_Start
    Text: Look at the <b><color="red">highlighted cube</color></b> along with the
      other users, placing your gaze cursor on it.
  - Name: ARScene/TaskGazeDiffSys/Name
    Text: Gaze - Task 2
  - Name: ARScene/TaskGazeDiffSys/Instructions_Start
    Text: Look at the cube highlighted with <b><color=playerColor>your own color</color></b>,
      placing your gaze cursor on it, while the other users do the same thing.
  - Name: ARScene/TaskGazeDiffUsr/Name
    Text: Gaze - Task 3
  - Name: ARScene/TaskGazeDiffUsr/Instructions_Start_Master
    Text: Make the other two users simultaneously look at the cubes you see highlighted
      with their respective colors. They don't know which cube they must look at.
  - Name: ARScene/TaskGazeDiffUsr/Instructions_Start_Slave
    Text: Look at the right cube following the instructions of the user represented
      with <b><color=masterColor>this color</color></b>.
  - Name: ARScene/TaskManipDiffSys/Name
    Text: Manipulation - Task 1
  - Name: ARScene/TaskManipDiffSys/Instructions_Start
    Text: Grab the object of <b><color=playerColor>your color</color></b> and embed
      it in the corresponding hole. Make sure you place it with the right angulation
      and with the correct number printed on it. You can change the number printed
      on it by rotating the <b><color="red">red wheel</color></b>.
  - Name: ARScene/TaskManipDiffUsr/Name
    Text: Manipulation - Task 2
  - Name: ARScene/TaskManipDiffUsr/Instructions_Start_Master
    Text: Make the other two users embed correctly the objects of their colors in
      the corresponding holes you can see. They can see the grid but can't see the
      holes, so you have to tell them the correct position, rotation and printed number
      of their objects.
  - Name: ARScene/TaskManipDiffUsr/Instructions_Start_Slave
    Text: Grab the object of <b><color=playerColor>your color</color></b> and place
      it following the instructions of the user represented with <b><color=masterColor>this
      color</color></b>. Make sure you select the correct number printed on the object.
      You can change the number printed on it by rotating the <b><color="red">red
      wheel</color></b>.
  - Name: ARScene/TaskPosSameSys/Name
    Text: Position - Task 1
  - Name: ARScene/TaskPosSameSys/Instructions_Start
    Text: Stand on the <b><color="red">highlighted platform</color></b> along with
      the other users. Remember that it is the position of the device that counts.
  - Name: ARScene/TaskPosDiffSys/Name
    Text: Position - Task 2
  - Name: ARScene/TaskPosDiffSys/Instructions_Start
    Text: Stand on the platform highlighted with <b><color=playerColor>your own color</color></b>,
      while the other users do the same thing. Remember that it is the position of
      the device that counts.
  - Name: ARScene/TaskPosDiffUsr/Name
    Text: Position - Task 3
  - Name: ARScene/TaskPosDiffUsr/Instructions_Start_Master
    Text: Make the other two users stand on the platforms you can see highlighted
      with their respective colors. They don't know which platform they must be on.
  - Name: ARScene/TaskPosDiffUsr/Instructions_Start_Slave
    Text: Stand on the correct platform following the instructions of the user represented
      with <b><color=masterColor>this color</color></b>.
--- !u!1 &6030006258193592035
GameObject:
  m_ObjectHideFlags: 0
  m_CorrespondingSourceObject: {fileID: 0}
  m_PrefabInstance: {fileID: 0}
  m_PrefabAsset: {fileID: 0}
  serializedVersion: 6
  m_Component:
  - component: {fileID: 6030006258193592033}
  - component: {fileID: 6030006258193592032}
  m_Layer: 0
  m_Name: LeanLocalization
  m_TagString: Untagged
  m_Icon: {fileID: 0}
  m_NavMeshLayer: 0
  m_StaticEditorFlags: 0
  m_IsActive: 1
--- !u!4 &6030006258193592033
Transform:
  m_ObjectHideFlags: 0
  m_CorrespondingSourceObject: {fileID: 0}
  m_PrefabInstance: {fileID: 0}
  m_PrefabAsset: {fileID: 0}
  m_GameObject: {fileID: 6030006258193592035}
  m_LocalRotation: {x: 0, y: 0, z: 0, w: 1}
  m_LocalPosition: {x: 0, y: 0, z: 0}
  m_LocalScale: {x: 1, y: 1, z: 1}
  m_Children:
  - {fileID: 6030006258052635090}
  - {fileID: 6030006257144170383}
  - {fileID: 138471516900999659}
  m_Father: {fileID: 0}
  m_RootOrder: 0
  m_LocalEulerAnglesHint: {x: 0, y: 0, z: 0}
--- !u!114 &6030006258193592032
MonoBehaviour:
  m_ObjectHideFlags: 0
  m_CorrespondingSourceObject: {fileID: 0}
  m_PrefabInstance: {fileID: 0}
  m_PrefabAsset: {fileID: 0}
  m_GameObject: {fileID: 6030006258193592035}
  m_Enabled: 1
  m_EditorHideFlags: 0
  m_Script: {fileID: 11500000, guid: 806f0696300aeac44a0e17efee222854, type: 3}
  m_Name: 
  m_EditorClassIdentifier: 
  DefaultLanguage: English
  DetectLanguage: 1
  SaveLanguage: 1
  languages:
  - name: English
    cultures:
    - en
    - en-GB
    - en-US
    - en-AU
    - en-CA
    - en-NZ
    - en-IE
    - en-ZA
    - en-JM
    - en-en029
    - en-BZ
    - en-BZ
    - en-TT
    - en-ZW
    - en-PH
  - name: Italian
    cultures:
    - it
    - it-IT
    - it-CH
  prefabs: []
